 Dungeon Crawl Stone Soup version 0.26-a0-1013-gf6ffb0d6bd (webtiles) character file.

Game seed: 2129431539432744767

348 kazak the Cleaver (level 6, -2/50 HPs)
             Began as a Hill Orc Gladiator on Dec 7, 2020.
             Killed by divine providence
             ... invoked by Edmund the meliai
              (12 damage)
             ... on level 4 of the Dungeon.
             The game lasted 00:04:17 (2875 turns).

kazak the Cleaver (Hill Orc Gladiator)              Turns: 2875, Time: 00:04:17

Health: -2/50      AC: 10    Str: 19    XL:     6   Next: 60%
Magic:  6/6        EV: 10    Int:  8    God:
Gold:   190        SH:  0    Dex: 12    Spells: 5/5 levels left

rFire    . . .     SeeInvis .   a - +1 war axe
rCold    + . .     Faith    .   (no shield)
rNeg     . . .     Spirit   .   t - +1 scale mail {rC+}
rPois    .         Reflect  .   c - +0 helmet
rElec    .         Harm     .   q - +0 cloak
rCorr    .         Rampage  .   (no gloves)
Will     .....                  o - +0 pair of boots
Stlth    ..........             (no amulet)
HPRegen  0.16/turn              (no ring)
MPRegen  0.10/turn              (no ring)

@: lethally poisoned (-2 -> -32)
A: no striking features
a: no special abilities


You were on level 4 of the Dungeon.
You visited 1 branch of the dungeon, and saw 4 of its levels.

You collected 190 gold pieces.

Inventory:

Hand Weapons
 a - a +1 war axe (weapon)
Missiles
 d - a throwing net (quivered)
Armour
 c - a +0 helmet (worn)
 o - a +0 pair of boots (worn)
 q - a +0 cloak (worn)
 s - a +0 chain mail
 t - a +1 scale mail of cold resistance (worn)
Wands
 b - a wand of polymorph (5)
Scrolls
 e - a scroll of identify
 f - 2 scrolls of remove curse
 j - a scroll of random uselessness {unknown}
Potions
 g - a potion of haste {unknown}
 h - 3 potions of curing
 i - a potion of ambrosia
 l - a potion of flight
 m - 2 potions of lignification
 p - a potion of resistance
 r - 3 potions of mutation {unknown}


   Skills:
 - Level 2.4 Fighting
 + Level 9.4 Axes
 - Level 1.7 Throwing
 - Level 2.4 Dodging


You had 5 spell levels left.
You didn't know any spells.
Your spell library contained the following spells:

 Spells                   Type           Power        Failure   Level
 Magic Dart               Conj           #...         80%         1
 Blink                    Tloc           N/A          91%         2
 Call Imp                 Summ           #.......     91%         2
 Slow                     Hex            #.......     91%         2
 Conjure Flame            Conj/Fire      #.......     99%         3
 Mephitic Cloud           Conj/Pois/Air  #.......     99%         3


Dungeon Overview and Level Annotations

Branches:
Dungeon (4/15)             Temple (0/1) D:4

Altars:
Fedhas
Gozag
Trog
Wu Jian

Annotations:
D:4 Edmund


Message History

You are poisoned.
Edmund poisons you!
You miss Edmund.
Edmund is severely wounded.
You feel sick. Edmund hits you but does no damage. Edmund stings you.
* * * LOW HITPOINT WARNING * * *
Edmund hits you!
* * * LOW HITPOINT WARNING * * *
Edmund stings you.
* * * LOW HITPOINT WARNING * * *
You are more poisoned.
Edmund poisons you!
You hit Edmund but do no damage.
Edmund is severely wounded.
* * * LOW HITPOINT WARNING * * *
You feel very sick. Edmund barely misses you.
Edmund stings you but does no damage.
Edmund mumbles some strange prayers to its god against you.
Something smites you!
You die...

..# #.......#
..##.........
.............
#.....).......
#..............
##..............#
#...y...........#
#...@..........#
##..............#
#............[..#
#..............# ...
#..............#
#...
##.............#
.... ##...........##
#....
##...........###....
##.................


You could see Edmund the meliai.

Vanquished Creatures
  A lemure (D:4)
  Blork the orc (D:4)
  A hound (D:4)
  A centaur skeleton (D:4)
  Terence (D:1)
  An iguana (D:2)
  3 adders
  3 oozes
  A worm (D:2)
  A leopard gecko (D:1)
  2 orcs (D:3)
  3 ball pythons
  5 bats
  A giant cockroach (D:1)
  8 goblins
  8 hobgoblins
  A quokka (D:2)
  2 frilled lizards (D:2)
  5 kobolds
  3 rats
52 creatures vanquished.

Notes
Turn   | Place    | Note
-------+----------+-------------------------------------------
     0 | D:1      | kazak the Hill Orc Gladiator began the quest for the Orb.
     0 | D:1      | Reached XP level 1. HP: 18/18 MP: 1/1
   265 | D:1      | Reached XP level 2. HP: 18/25 MP: 2/2
   396 | D:1      | Reached skill level 5 in Axes
   720 | D:1      | Reached XP level 3. HP: 30/30 MP: 3/3
   963 | D:2      | Noticed Terence
   972 | D:1      | Killed Terence
   973 | D:1      | Reached skill level 6 in Axes
   979 | D:2      | Reached XP level 4. HP: 37/37 MP: 4/4
  1213 | D:2      | Reached skill level 7 in Axes
  1362 | D:2      | Found an ornate altar of the Wu Jian Council.
  1561 | D:2      | Found a bloodstained altar of Trog.
  1903 | D:3      | Reached XP level 5. HP: 42/42 MP: 5/5
  2109 | D:3      | Found an opulent altar of Gozag.
  2404 | D:3      | Found a blossoming altar of Fedhas.
  2550 | D:4      | Noticed Blork the orc
  2564 | D:4      | Killed Blork the orc
  2565 | D:4      | Reached skill level 8 in Axes
  2568 | D:4      | Found a staircase to the Ecumenical Temple.
  2595 | D:4      | Reached XP level 6. HP: 46/50 MP: 6/6
  2698 | D:4      | Noticed Grinder
  2699 | D:4      | Noticed Grinder
  2699 | D:4      | Grinder changed into Grinder the lemure
  2715 | D:4      | Killed Grinder the lemure
  2716 | D:4      | Reached skill level 9 in Axes
  2866 | D:4      | Noticed Edmund
  2868 | D:4      | Noticed Edmund
  2868 | D:4      | Edmund changed into Edmund the acid dragon
  2870 | D:4      | Noticed Edmund
  2870 | D:4      | Edmund the acid dragon changed into Edmund the meliai
  2875 | D:4      | Killed from afar by Edmund the meliai

Illustrated notes

Levels and vault maps discovered:
D:1:      sevenhm_arrival_forest_fort_small_3, layout_basic
D:2:      layout_loops_cross, lemuel_doored_altar, lightli_temple_of_fire,
          uniq_terence
D:3:      layout_loops_corners, general_overflow_altar, fedhas_altar_fruit_tree
D:4:      layout_cave_pods, minmay_temple_entry_mist,
          cheibrodos_sewer_entry_bend, uniq_pikel, uniq_edmund, uniq_grinder,
          uniq_blork_the_orc

Skill      XL: |  1  2  3  4  5  6 |
---------------+-------------------+-----
Axes           | 5 6 7 8 9 |  9.4
Fighting       | |  2.4
Throwing       | |  1.7
Dodging        | |  2.4

Action                   |  1- 3 |  4- 6 || total
-------------------------+-------+-------++-------
Melee: War axe           |    60 |   106 ||   166
Throw: Throwing net      |     1 |     1 ||     2
Evoke: Wand              |       |     5 ||     5
  Use: Scroll            |       |    11 ||    11
 Stab: Held in net/web   |     1 |     1 ||     2
Armor: Leather armour    |     2 |       ||     2
       Ring mail         |    17 |    14 ||    31
       Chain mail        |       |    11 ||    11
       Scale mail        |       |    29 ||    29
Dodge: Dodged            |    32 |    57 ||    89

Table legend: (Time is in decaauts)
 A = Elapsed time spent in this place.
 B = Non-inter-level travel time spent in this place.
 C = Inter-level travel time spent in this place.
 D = Time resting spent in this place.
 E = Time spent auto-exploring this place.
 F = Levels seen in this place.
 G = Mean time per level.
                   A        B        C        D        E       F      G
               +--------+--------+--------+--------+--------+-----+--------+
         Total |   2904 |   2847 |     57 |    260 |   2050 |   4 |  726.0 |
       Dungeon |   2904 |   2847 |     57 |    260 |   2050 |   4 |  726.0 |
               +--------+--------+--------+--------+--------+-----+--------+

Top non-repeatable levels by time:
     D:1: 988 daAuts
     D:3: 916 daAuts
     D:2: 669 daAuts
     D:4: 330 daAuts
